 Dungeon Crawl Stone Soup version 0.21.1-1-g345015f (webtiles) character file.

429 vatarom the Ducker (level 6, -5/59 HPs)
             Began as a Troll Monk on May 30, 2018.
             Slain by Jaiteiro's ghost (20 damage)
             ... on level 4 of the Dungeon.
             The game lasted 00:05:22 (3044 turns).

vatarom the Ducker (Troll Monk)                     Turns: 3044, Time: 00:05:23

Health: -5/59      AC:  6    Str: 20    XL:     6   Next: 66%
Magic:  5/5        EV: 18    Int: 13    God:
Gold:   183        SH:  0    Dex: 17    Spells: 5/5 levels left

rFire    . . .     SeeInvis .     - Unarmed
rCold    . . .     Gourm    +   (no shield)
rNeg     . . .     Faith    .   a - +0 robe
rPois    .         Spirit   .   (helmet restricted)
rElec    .         Reflect  .   e - +0 cloak
rCorr    .         Harm     .   (gloves unavailable)
MR       .....                  (boots unavailable)
Stlth    +++.......             (no amulet)
HPRegen  0.59/turn              (no ring)
MPRegen  0.09/turn              (no ring)

@: brilliant, agile, about to teleport
A: large, unfitting armour, claws 3, fast metabolism 3, gourmand, regeneration
1, shaggy fur 1, tough skin 2
a: no special abilities


You were on level 4 of the Dungeon.
You were very full.

You visited 1 branch of the dungeon, and saw 4 of its levels.

You collected 183 gold pieces.

Inventory:

Armour
 a - a +0 robe (worn)
 e - a +0 cloak (worn)
Jewellery
 i - an uncursed ring of stealth {unknown}
Scrolls
 c - a scroll of blinking {unknown}
 d - 2 scrolls of remove curse {@r2}
 h - 2 scrolls of identify {unknown}
 k - a scroll of enchant weapon {unknown}
Comestibles
 b - 6 rations {@e1}


   Skills:
 - Level 2.4 Fighting
 * Level 5.3 Dodging
 - Level 1.0 Stealth
 + Level 4.9 Unarmed Combat


You had 5 spell levels left.
You didn't know any spells.

Dungeon Overview and Level Annotations

Branches:
Dungeon (4/15)
 Temple: D:4-7

Altars:
Ashenzari
Dithmenos
Elyvilon
Gozag
Hepliaklqana
Kikubaaqudgha
Makhleb
Wu Jian
Xom
Zin

Annotations:
D:4 Jaiteiro's ghost, novice TrWr


Innate Abilities, Weirdness & Mutations

You are too large for most types of armour.
You have claws for hands.
Your metabolism is lightning-fast.
You like to eat raw meat.
Your natural rate of healing is unusually fast.
You are covered in fur. (AC +1)
You have very tough skin. (AC +2)


Message History

Jaiteiro's ghost is heavily damaged.
Jaiteiro's ghost barely misses you.
You scratch Jaiteiro's ghost.
Jaiteiro's ghost is heavily damaged.
Jaiteiro's ghost hits you.
You barely miss Jaiteiro's ghost.
Jaiteiro's ghost is heavily damaged.
Jaiteiro's ghost mumbles some strange words.
Jaiteiro's ghost blinks!
You aren't carrying any items that you can evoke.
Jaiteiro's ghost is nearby!
You claw Jaiteiro's ghost!
Jaiteiro's ghost is heavily damaged.
You scratch Jaiteiro's ghost but do no damage.
Jaiteiro's ghost is heavily damaged.
Jaiteiro's ghost hits you!
* * * LOW HITPOINT WARNING * * *
As you read the scroll of teleportation {@r3}, it crumbles to dust.
You feel strangely unstable. Jaiteiro's ghost hits you!!
You die...

#...#.####.####...
##########.##.
#...#.# #.# #.##.
#...#.#
#.#######.# #.##.
#...#.#
........#.# #.##.
#...#.#
......#.#.####
#.##. #...#.#
..... #†#.##..
..##. #.....# ....
#.#.##.# ####. ...
#.#.##.# #. ..
#@#.##.# #. .
#W#.##.# #.
#....#.##### #.
###........# #.
#.##.###.######.
...............#.
###.###.##.####.#.
..........# #.#.
#.####..#######.#.


You could see Jaiteiro's ghost.

Vanquished Creatures
  The ghost of diana the Ruffian, an amateur DrTm of Ashenzari (D:3)
  A gnoll shaman (D:3)
  An orc wizard (D:3)
  A worker ant (D:4)
  8 gnolls
  10 adders
  3 dart slugs (D:2)
  2 worms (D:2)
  2 leopard geckos
  4 orcs
  4 giant cockroaches
  5 goblins
  13 hobgoblins
  4 jackals (D:1)
  3 quokkas
  10 bats
  4 frilled lizards
  11 kobolds
  9 rats
96 creatures vanquished.

Notes
Turn   | Place    | Note
-------+----------+-------------------------------------------
     0 | D:1      | vatarom the Troll Monk began the quest for the Orb.
     0 | D:1      | Reached XP level 1. HP: 22/22 MP: 0/0
    43 | D:1      | Reached XP level 2. HP: 25/29 MP: 1/1
   211 | D:1      | Reached skill level 3 in Dodging
   559 | D:1      | Reached XP level 3. HP: 36/36 MP: 2/2
  1095 | D:2      | Reached XP level 4. HP: 44/44 MP: 3/3
  1185 | D:2      | Reached skill level 4 in Dodging
  1572 | D:2      | Reached XP level 5. HP: 44/50 MP: 4/4
  1888 | D:3      | Noticed diana's ghost (amateur DrTm)
  1901 | D:3      | Killed diana's ghost
  2249 | D:3      | Found a burning altar of Makhleb.
  2252 | D:3      | Found a glowing silver altar of Zin.
  2255 | D:3      | Noticed an angel
  2255 | D:3      | Noticed a balrug
  2286 | D:3      | Reached XP level 6. HP: 59/59 MP: 5/5
  2303 | D:3      | Found a shadowy altar of Dithmenos.
  2303 | D:3      | Found a shattered altar of Ashenzari.
  2311 | D:3      | Found a white marble altar of Elyvilon.
  2364 | D:3      | Reached skill level 5 in Dodging
  2447 | D:3      | Found a hazy altar of Hepliaklqana.
  2447 | D:3      | Found a shimmering altar of Xom.
  2448 | D:3      | Found an ornate altar of the Wu Jian Council.
  2450 | D:3      | Found an ancient bone altar of Kikubaaqudgha.
  2869 | D:4      | Found an opulent altar of Gozag.
  3009 | D:4      | Noticed Jaiteiro's ghost (novice TrWr)
  3044 | D:4      | Slain by Jaiteiro's ghost

Skill      XL: |  1  2  3  4  5  6 |
---------------+-------------------+-----
Dodging        | 3 4 5 |  5.3
Unarmed Combat | 4 |  4.9
Fighting       | |  2.4
Stealth        | |  1.0

Action                   |  1- 3 |  4- 6 || total
-------------------------+-------+-------++-------
Melee: Unarmed           |   111 |   183 ||   294
       Punch             |       |     5 ||     5
  Use: Potion            |       |     6 ||     6
       Scroll            |       |     3 ||     3
 Stab: Sleeping          |     2 |     4 ||     6
  Eat: Chunk             |    15 |    18 ||    33
Armor: Robe              |    40 |    47 ||    87
Dodge: Dodged            |    54 |   140 ||   194
